 Dungeon Crawl Stone Soup version 0.23.2-40-g277498a001 (webtiles) character file.

Game seed: 16445071379040132970

974 Delarado the Firebug (level 7, -13/36 HPs)
             Began as a Deep Elf Fire Elementalist on Sept 24, 2019.
             Was a Follower of Vehumet.
             Mangled by a troll (14 damage)
             ... on level 5 of the Dungeon.
             The game lasted 00:22:16 (6997 turns).

Delarado the Firebug (Deep Elf Fire Elementalist)   Turns: 6997, Time: 00:22:17

Health: -13/36     AC:  2    Str:  5    XL:     7   Next: 95%
Magic:  0/15       EV: 13    Int: 22    God:    Vehumet [*.....]
Gold:   170        SH:  0    Dex: 15    Spells: 1/14 levels left

rFire    + . .     SeeInvis .   d - +0 dagger
rCold    + . .     Gourm    .   (no shield)
rNeg     . . .     Faith    .   a - +0 robe
rPois    .         Spirit   .   (no helmet)
rElec    .         Reflect  .   t - scarf {rC+ rF+}
rCorr    .         Harm     .   (no gloves)
MR       .....                  (no boots)
Stlth    +.........             (no amulet)
HPRegen  0.12/turn              b - ring of attention (curse)
MPRegen  0.14/turn              g - ring of wizardry

@: no status effects
A: no striking features
a: Renounce Religion


You were on level 5 of the Dungeon.
You worshipped Vehumet.
Vehumet was aware of your devotion.
You were hungry.

You visited 2 branches of the dungeon, and saw 7 of its levels.

You collected 170 gold pieces.

Inventory:

Hand Weapons
 d - a +0 dagger (weapon)
Missiles
 e - 155 stones (quivered)
Armour
 a - a +0 robe (worn)
 t - a scarf of resistance (worn)
Jewellery
 b - a cursed ring of attention (left hand)
 f - an uncursed ring of magical power
 g - a ring of wizardry (right hand)
 m - a +2 ring of evasion {unknown}
Wands
 n - a wand of paralysis (8)
Scrolls
 j - a scroll of magic mapping
 l - 3 scrolls of teleportation
 p - 2 scrolls of identify
 q - a scroll of amnesia
 r - 2 scrolls of blinking
Potions
 h - 3 potions of mutation {unknown}
 i - 5 potions of curing {unknown}
 k - a potion of invisibility
 o - a potion of brilliance
 s - a potion of magic {unknown}
 u - a potion of heal wounds {unknown}
Comestibles
 c - 13 rations
 v - 2 chunks of flesh


   Skills:
 - Level 2.4 Dodging
 - Level 2.4 Stealth
 + Level 4.3 Spellcasting
 + Level 6.8 Conjurations
 + Level 7.6 Fire Magic


You had one spell level left.
You knew the following spells:

 Your Spells              Type           Power        Failure   Level  Hunger
a - Flame Tongue          Conj/Fire      #####        1%          1    None
b - Conjure Flame         Conj/Fire      #####...     1%          3    ##.....
c - Sticky Flame          Conj/Fire      #####...     2%          4    ####...
d - Fireball              Conj/Fire      #####.....   6%          5    ######.

Your spell library contained the following spells:

 Spells                   Type           Power        Failure   Level  Hunger
 Sting                    Conj/Pois      ###.         1%          1    None
 Magic Dart               Conj           ####         1%          1    None
 Throw Flame              Conj/Fire      #####.       1%          2    #......
 Inner Flame              Hex/Fire       ###.....     2%          3    ##.....
 Mephitic Cloud           Conj/Pois/Air  ##......     5%          3    ##.....
 Blink                    Tloc           N/A          6%          2    #......
 Call Imp                 Summ           #.......     6%          2    #......
 Slow                     Hex            #.......     6%          2    #......


Dungeon Overview and Level Annotations

Branches:
Dungeon (6/15)             Temple (1/1) D:4

Altars:
Cheibriados
Elyvilon
Gozag
Kikubaaqudgha
Makhleb
Nemelex Xobeh
Okawaru
Qazlal
Ru
Sif Muna
Trog
Vehumet
Wu Jian
Xom
Yredelemnul
The Shining One

Annotations:
D:4 3 runed translucent doors, MajorAdolf's ghost, amateur NaWn; terix's ghost, amateur DsNe
D:5 2 transporters, KamiKatze's ghost, novice FeBe


Message History

Press: ? - help, Shift-Dir - straight line, f/p - troll
Aim: a troll (heavily wounded)
The flame tongue hits the troll!
The troll is severely wounded.
Casting: Flame Tongue (safe; 1% risk of failure)
Confirm with . or Enter, or press ? or * to list all spells.
Aiming: Flame Tongue (safe; 1% risk of failure)
Press: ? - help, Shift-Dir - straight line, f/p - troll
Aim: a troll (severely wounded)
The flame tongue hits the troll!
The troll is almost dead.
The troll bites you! The troll completely misses you. The troll claws you.
You closely miss the troll.
The troll is almost dead.
The troll bites you!
* * * LOW HITPOINT WARNING * * *
The troll claws you.
* * * LOW HITPOINT WARNING * * *
The troll claws you!
You die...

#..####...##..#.......#
#.<####...##..#...[...#
#...#.........#....)..#
....#.........#..>....#
....#.........#.......#
#..######'##..####...##
#####.....##'#####...##
#.......'....#T....#
#.......#....@.....#
####..##.##.##.##...##
#.....##.############
##...........#
#...........#
#...........#
#...........#
#############


You could see a troll.

Vanquished Creatures
  Menkaure (D:4)
  2 ogres (D:4)
  A scorpion (D:5)
  A howler monkey (D:4)
  A jelly (D:5)
  An orc priest (D:5)
  4 hounds
  2 worker ants
  3 orc wizards (D:5)
  9 adders
  8 gnolls
  3 oozes
  2 worms
  3 leopard geckos
  9 orcs
  2 ball pythons (D:2)
  5 giant cockroaches
  11 goblins
  16 hobgoblins
  9 jackals
  4 kobolds
  5 quokkas (D:4)
  8 bats
  8 frilled lizards
  A giant cockroach zombie (D:5)
  A quokka skeleton (D:4)
  11 rats
131 creatures vanquished.

Vanquished Creatures (others)
  A jackal (D:3)
1 creature vanquished.

Grand Total: 132 creatures vanquished

Notes
Turn   | Place    | Note
-------+----------+-------------------------------------------
     0 | D:1      | Delarado the Deep Elf Fire Elementalist began the quest for
                  | the Orb.
     0 | D:1      | Reached XP level 1. HP: 10/10 MP: 6/6
   115 | D:1      | Reached XP level 2. HP: 2/15 MP: 2/8
   699 | D:1      | Reached skill level 4 in Fire Magic
   712 | D:1      | Reached XP level 3. HP: 19/19 MP: 3/9
   717 | D:1      | Learned a level 3 spell: Conjure Flame
  1119 | D:1      | Found a sparkling altar of Nemelex Xobeh.
  1861 | D:2      | Reached XP level 4. HP: 24/24 MP: 10/10
  1902 | D:2      | Learned a level 4 spell: Sticky Flame
  3368 | D:3      | Reached skill level 5 in Fire Magic
  3393 | D:3      | Reached XP level 5. HP: 20/28 MP: 4/11
  4168 | D:4      | Noticed an ogre
  4178 | D:4      | Killed an ogre
  4178 | D:4      | Reached XP level 6. HP: 32/32 MP: 4/12
  4493 | D:4      | Found a runed translucent gate.
  4493 | D:4      | Found a runed translucent gate.
  4494 | D:4      | Found a runed translucent gate.
  4496 | D:4      | Noticed MajorAdolf's ghost (amateur NaWn)
  4496 | D:4      | Noticed terix's ghost (amateur DsNe)
  4589 | D:4      | Reached skill level 5 in Conjurations
  4626 | D:4      | Reached skill level 6 in Fire Magic
  4708 | D:4      | Found a burning altar of Makhleb.
  5020 | D:4      | Found a staircase to the Ecumenical Temple.
  5026 | Temple   | Entered the Ecumenical Temple
  5083 | Temple   | Became a worshipper of Vehumet
  5146 | D:4      | Noticed Menkaure
  5156 | D:4      | Killed Menkaure
  5156 | D:4      | Reached XP level 7. HP: 30/36 MP: 8/15
  5350 | D:4      | Learned a level 5 spell: Fireball
  5703 | D:5      | Entered Level 5 of the Dungeon
  5703 | D:5      | Found an opulent altar of Gozag.
  6054 | D:5      | Found a transporter.
  6057 | D:5      | Noticed KamiKatze's ghost (novice FeBe)
  6073 | D:5      | Reached skill level 7 in Fire Magic
  6127 | D:5      | Found a transporter.
  6622 | D:5      | Reached * piety under Vehumet
  6622 | D:5      | Offered knowledge of Sting by Vehumet.
  6980 | D:6      | Noticed a troll
  6997 | D:5      | HP: 1/36 [troll (6)]
  6997 | D:5      | Mangled by a troll

Skill      XL: |  1  2  3  4  5  6  7 |
---------------+----------------------+-----
Conjurations   | 2 3 4 5 6 |  6.8
Fire Magic     | 4 5 6 7 |  7.6
Spellcasting   | 4 |  4.3
Dodging        | |  2.4
Stealth        | |  2.4

Action                   |  1- 3 |  4- 6 |  7- 9 || total
-------------------------+-------+-------+-------++-------
Melee: Dagger            |       |       |     4 ||     4
Throw: Stone             |    30 |    56 |    10 ||    96
 Cast: Flame Tongue      |    64 |    99 |    59 ||   222
       Sticky Flame      |       |    12 |     8 ||    20
       Fireball          |       |       |     4 ||     4
Evoke: Wand              |       |       |     1 ||     1
  Use: Scroll            |     1 |     5 |     2 ||     8
  Eat: Chunk             |     1 |    10 |     8 ||    19
       Ration            |     1 |       |       ||     1
Armor: Robe              |    13 |     7 |       ||    20
Dodge: Dodged            |    22 |    33 |    26 ||    81
